 Seeded DCSS version 0.27-a0-988-g25969acef8 (webtiles) character file.

Game seed: 16989952797484863983 (custom seed)

195 karrick the Ducker (level 5, 0/40 HPs)
             Began as a Djinni Gladiator on Apr 15, 2021.
             Slain by Sigmund
             ... wielding a +3 scythe of freezing
              (1 damage)
             ... on level 2 of the Dungeon.
             The game lasted 00:05:14 (2652 turns).

karrick the Ducker (Djinni Gladiator)               Turns: 2652, Time: 00:05:14

Health: 0/40       AC:  4    Str: 13    XL:     5   Next: 74%
Gold:   70         EV: 13    Int: 11    God:
                   SH:  0    Dex: 14

rFire    + + .     SeeInvis .   h - +5 falchion
rCold    x . .     Faith    .   (no shield)
rNeg     . . .     Spirit   .   b - +0 leather armour
rPois    ∞         Reflect  .   c - +0 helmet
rElec    .         Harm     .   (no cloak)
rCorr    .         Rampage  .   (no gloves)
Will     .....                  (boots unavailable)
Stlth    +.........             g - amulet of magic regeneration
HPRegen  0.13/turn              (no ring)
MPRegen  0.00/turn              (no ring)

@: flying
A: fire resistance 2, cold vulnerability 1, float, innate caster, hp casting,
extra vitality 1
a: no special abilities


You were on level 2 of the Dungeon.
You visited 1 branch of the dungeon, and saw 4 of its levels.

You collected 70 gold pieces.

Inventory:

Hand Weapons
 a - a +0 long sword
 h - a +5 falchion (weapon)
Missiles
 d - 3 throwing nets (quivered)
Armour
 b - a +0 leather armour (worn)
 c - a +0 helmet (worn)
Jewellery
 g - an amulet of magic regeneration (around neck)
Scrolls
 i - a scroll of vulnerability {unknown}
 k - a scroll of amnesia {unknown}
 m - a scroll of identify {unknown}
 n - a scroll of immolation {unknown}
 o - a scroll of blinking {unknown}
Potions
 e - 3 potions of lignification {unknown}
 f - a potion of mutation {unknown}
 j - 3 potions of heal wounds {unknown}
 l - a potion of curing {unknown}


   Skills:
 + Level 3.0 Fighting
 + Level 4.1 Long Blades
 + Level 1.6 Throwing
 + Level 1.4 Armour
 + Level 4.1 Dodging
 + Level 0.2 Stealth
 + Level 1.1 Spellcasting


You had 3 spell levels left.
You knew the following spells:

 Your Spells              Type           Power      Damage    Failure   Level
a - Summon Small Mammal   Summ           12%        N/A       26%         1
b - Poisonous Vapours     Pois/Air       6%         N/A       36%         2
Your spell library was empty.

Dungeon Overview and Level Annotations

Branches:
Dungeon (4/15)
 Temple: D:4-7

Altars:

Annotations:
D:2 Sigmund
D:3 Grinder, Ijyb
D:4 4 runed translucent doors


Innate Abilities, Weirdness & Mutations

You are immune to poison.
Your flesh is very heat resistant. (rF++)
You are vulnerable to cold. (rC-)
You float through the air rather than walking.
You learn spells naturally, not from books.
Your magical power is your life essence.
You have superior vitality. (+4 HP)


Message History

You kill the quokka!
No target in view!
There is a stone staircase leading up here.
You fly upwards.
Level annotation: Sigmund Sigmund shouts!
Sigmund points at you and mumbles some strange words.
The magic dart hits you.
There is a stone staircase leading down here.
Casting: Poisonous Vapours (dangerous; 36% risk of failure)
Confirm with . or Enter, or press ? or * to list all spells.
Aiming: Poisonous Vapours (dangerous; 36% risk of failure)
Press: ? - help, Dir - move target, f - Sigmund
Aim: Sigmund, wielding a +3 scythe of freezing and wearing a +0 robe Poisonous vapours surround Sigmund!
Sigmund is engulfed in poison gas.
Sigmund is poisoned.
Sigmund closely misses you.
Casting: Poisonous Vapours (dangerous; 36% risk of failure)
Confirm with . or Enter, or press ? or * to list all spells.
Sigmund barely misses you.
You riposte.
You slash Sigmund!
Sigmund is moderately wounded.
Unknown command.
You barely miss Sigmund.
Sigmund is moderately wounded.
Your bat misses Sigmund.
Sigmund hits you with a +3 scythe of freezing!
Sigmund freezes you!
* * * LOW HITPOINT WARNING * * *
Casting: Summon Small Mammal (safe; 26% risk of failure)
Confirm with . or Enter, or press ? or * to list all spells.
Aiming: Poisonous Vapours (dangerous; 36% risk of failure)
Press: ? - help, Dir - move target, f/p - Sigmund
Aim: Sigmund, wielding a +3 scythe of freezing and wearing a +0 robe (moderately wounded, poisoned, ally target) Poisonous vapours surround Sigmund!
* * * LOW HITPOINT WARNING * * *
Your bat hits Sigmund.
Sigmund looks even sicker.
Sigmund completely misses you.
Sigmund hits you from afar with a +3 scythe of freezing!
* * * LOW HITPOINT WARNING * * *
Sigmund freezes you.
You die...

############
#..........#
#.########.#
#..........#
#..######..###########
...# #....b@>@....#
#.## .......#####.#
#.# ###.###.# #.# #.#
#.# #.# ... .. ### ..#
## .#


You could see Sigmund (very poisoned, ally target) and a friendly bat
(summoned).

Vanquished Creatures
  A hound (D:4)
  A jelly (D:4)
  5 adders
  3 worms (D:2)
  2 dart slugs
  2 orcs (D:3)
  4 ball pythons
  A bat (D:1)
  A bat skeleton (D:2)
  9 endoplasms
  2 giant cockroaches
  8 goblins
  9 hobgoblins
  3 jackals
  3 quokkas
  A frilled lizard (D:1)
  6 kobolds
  5 rats (D:1)
66 creatures vanquished.

Vanquished Creatures (collateral kills)
  A kobold (D:4)
1 creature vanquished.

Vanquished Creatures (others)
  A fungus (D:2)
1 creature vanquished.

Grand Total: 68 creatures vanquished

Notes
Turn   | Place    | Note
-------+----------+-------------------------------------------
     0 | D:1      | karrick the Djinni Gladiator began the quest for the Orb.
     0 | D:1      | Reached XP level 1. HP: 18/18 MP: 0/0
   223 | D:1      | Reached XP level 2. HP: 23/23 MP: 0/0
   526 | D:1      | Reached XP level 3. HP: 29/29 MP: 0/0
   526 | D:1      | Learned a level 1 spell: Summon Small Mammal
  1072 | D:2      | Noticed Sigmund
  1146 | D:2      | Reached XP level 4. HP: 31/34 MP: 0/0
  1702 | D:3      | Noticed Ijyb
  1707 | D:3      | Noticed Grinder
  1723 | D:3      | You are sucked into a shaft and drop 1 floor!
  2047 | D:4      | Reached skill level 1 in Armour
  2047 | D:4      | Reached XP level 5. HP: 32/40 MP: 0/0
  2047 | D:4      | Learned a level 2 spell: Poisonous Vapours
  2282 | D:4      | Noticed an ogre
  2410 | D:4      | Found a large runed translucent door.
  2410 | D:4      | Noticed a wyvern
  2410 | D:4      | Noticed a centaur
  2428 | D:4      | Reached skill level 1 in Spellcasting
  2493 | D:4      | Identified the ring of Wynell {Fire rPois rN+ Slay+2}
  2495 | D:4      | Found a large runed translucent door.
  2595 | D:4      | Found a large runed translucent door.
  2595 | D:4      | Found a large runed translucent door.
  2652 | D:2      | HP: 1/40 [Sigmund/+3 scythe of freezing (7)]
  2652 | D:2      | Slain by Sigmund

Illustrated notes

Levels and vault maps discovered:
D:1:      moated_graveyard_arrival, layout_basic
D:2:      minmay_recursive_quarters, layout_loops_ring, basic_altar,
          minmay_fountain_box, uniq_sigmund, uniq_crazy_yiuf_cottage
D:3:      layout_basic, serial_shops, shop, st_stairs_2, uniq_robin,
          uniq_grinder, uniq_ijyb
D:4:      layout_cave_pods, minmay_hollow_rounded_squares

Skill      XL: |  1  2  3  4  5 |
---------------+----------------+-----
Long Blades    | 3 4 |  4.1
Fighting       | 3 |  3.0
Armour         | 1 |  1.4
Dodging        | 4 |  4.1
Spellcasting   | 1 |  1.1
Throwing       | |  1.6
Stealth        | |  0.2

Action                   |  1- 3 |  4- 6 || total
-------------------------+-------+-------++-------
Melee: Long sword        |    63 |       ||    63
       Falchion          |    14 |    70 ||    84
 Cast: Summon Small Mamm |     2 |     9 ||    11
       Poisonous Vapours |       |     4 ||     4
 Stab: Sleeping          |       |     2 ||     2
Armor: Leather armour    |    16 |    15 ||    31
Dodge: Dodged            |    52 |    53 ||   105
       Rpst.: Long sword |    10 |       ||    10
       Falchion          |     6 |    15 ||    21

Table legend: (Time is in decaauts)
 A = Elapsed time spent in this place.
 B = Non-inter-level travel time spent in this place.
 C = Inter-level travel time spent in this place.
 D = Time resting spent in this place.
 E = Time spent auto-exploring this place.
 F = Levels seen in this place.
 G = Mean time per level.
                   A        B        C        D        E       F      G
               +--------+--------+--------+--------+--------+-----+--------+
         Total |   2679 |   2582 |     97 |    257 |   1735 |   4 |  669.8 |
       Dungeon |   2679 |   2582 |     97 |    257 |   1735 |   4 |  669.8 |
               +--------+--------+--------+--------+--------+-----+--------+

Top non-repeatable levels by time:
     D:1: 933 daAuts
     D:4: 901 daAuts
     D:2: 440 daAuts
     D:3: 403 daAuts
